 Dungeon Crawl Stone Soup version 0.19.4 (webtiles) character file.

1134 Gargoyl the Chopper (level 8, -1/68 HPs)
             Began as a Ghoul Abyssal Knight on Feb 4, 2017.
             Was an Elder of Lugonu.
             Killed from afar by an orc wizard (3 damage)
             ... with a puff of frost
             ... on level 6 of the Dungeon.
             The game lasted 00:11:10 (4687 turns).

Gargoyl the Chopper (Ghoul Abyssal Knight)          Turns: 4687, Time: 00:11:11

Health: -1/68      AC: 13    Str: 16    XL:     8   Next: 36%
Magic:  10/10      EV: 10    Int:  7    God:    Lugonu [****..]
Gold:   200        SH:  0    Dex: 15    Spells: 0 memorised, 7 levels left

rFire  . . .     SeeInvis .     i - +12 glaive of Prune {chop}
rCold  + . .     Gourm    .     d - +1 plate armour
rNeg   + + +     Faith    .     (shield currently unavailable)
rPois  ∞         Spirit   .     (no helmet)
rElec  .         Reflect  .     (no cloak)
rCorr  .         Harm     .     (no gloves)
MR     +....                    (no boots)
Stlth  ..........               (no amulet)
                                (no ring)
                                k - ring of protection from magic

@: agile, rotting
A: rotting body, claws 1, carnivore 3, cold resistance 1, negative energy
resistance 3, slow regeneration 1, torment resistance, unbreathing
a: Depart the Abyss, Bend Space, Banish, Corrupt, Renounce Religion


You were on level 6 of the Dungeon.
You worshipped Lugonu.
Lugonu was greatly pleased with you.
You were not hungry.

You visited 1 branch of the dungeon, and saw 6 of its levels.
You visited the Abyss 1 time.

You collected 200 gold pieces.

Inventory:

Hand Weapons
 a - a +2 hand axe
 i - the +12 glaive of Prune (weapon) {chop}
   (You found it on level 4 of the Dungeon)

   It inflicts extra damage upon your enemies.
Armour
 d - a +1 plate armour (worn)
Jewellery
 k - a ring of protection from magic (left claw)
 r - an uncursed amulet of harm {unknown}
Wands
 u - a wand of lightning (10/15)
Scrolls
 f - 4 scrolls of recharging
 n - 2 scrolls of identify
 o - a scroll of enchant armour
 s - a scroll of amnesia
Potions
 e - 4 potions of magic
 g - 4 potions of heal wounds {unknown}
 h - a potion of degeneration {unknown}
 p - 2 potions of might {unknown}
 q - a potion of haste {unknown}
 v - 2 potions of curing {unknown}
Books
 t - a book of Cantrips

   Spells                             Type                      Level
   a - Confusing Touch                Hexes                        1
   b - Animate Skeleton               Necromancy                   1
   c - Summon Small Mammal            Summoning                    1
   d - Apportation                    Translocation                1
Comestibles
 c - a meat ration
 j - 2 royal jellies
 l - a beef jerky
 m - a slice of pizza


   Skills:
 + Level 5.1 Fighting
 + Level 5.3(5.4) Axes
 + Level 0.5(3.3) Polearms
 + Level 0.1 Throwing
 * Level 5.3 Armour
 + Level 1.1 Dodging
 * Level 4.6 Invocations


You had 7 spell levels left.
You didn't know any spells.

Dungeon Overview and Level Annotations

Branches:
Dungeon (6/15)             Temple (0/1) D:4

Altars:
Elyvilon

Shops:
D:4 [


Innate Abilities, Weirdness & Mutations

Your body is rotting away.
You thrive on raw meat.
You are immune to poison.
You have sharp fingernails.
You are carnivorous and can eat meat at any time.
Your flesh is cold resistant. (rC+)
You are immune to negative energy. (rN+++)
You regenerate slowly when monsters are visible.
You are immune to unholy pain and torment.
You can survive without breathing.


Message History

It was a potion of agility.
You feel agile all of a sudden.
The orc wizard points at you and mumbles some strange words.
The puff of flame hits you!
Your plate armour prevents you from hitting the orc wizard.
The orc wizard hits you but does no damage. x2
The bullfrog hits you but does no damage.
The orc wizard points at you and mumbles some strange words.
The puff of flame hits you!
* * * LOW HITPOINT WARNING * * *
Unknown command.
You hit the orc wizard.
The orc wizard is heavily wounded.
The bullfrog barely misses you. The orc wizard casts a spell at you.
The magic dart hits you! The bullfrog hits you.
* * * LOW HITPOINT WARNING * * *
The orc wizard casts a spell at you. The puff of frost hits you! You resist.
You die...

# ## # . #.
.#.##..
#.###.#...
.....$.#
#o....# #.@F..#
..............#
#.............#
#.###########..
# #


You could see a bullfrog and an orc wizard.

Vanquished Creatures
  Sigmund (D:2)
  The ghost of luab the Grave Robber, an amateur DsNe (D:4)
  An ice beast (D:5)
  A phantom (D:4)
  A centaur (D:5)
  A big kobold (D:4)
  2 scorpions
  A howler monkey (D:4)
  A hound (D:5)
  An orc wizard (D:4)
  Jessica (D:2)
  A bullfrog skeleton (D:4)
  Natasha (twice) (D:3)
  A worker ant (D:4)
  11 adders
  2 worms (D:2)
  A dart slug (D:1)
  5 leopard geckos
  4 orcs
  4 giant cockroaches
  8 goblins
  14 hobgoblins
  3 quokkas
  3 ball pythons (D:2)
  7 bats
  6 frilled lizards
  32 kobolds
  A leopard gecko skeleton (D:4)
  4 rats
121 creatures vanquished.

Vanquished Creatures (others)
  2 plants
2 creatures vanquished.

Grand Total: 123 creatures vanquished

Notes
Turn   | Place    | Note
-------+----------+-------------------------------------------
     0 | Abyss:1  | Gargoyl the Ghoul Abyssal Knight began the quest for the Orb.
     0 | Abyss:1  | Reached XP level 1. HP: 19/19 MP: 1/1
    30 | Abyss:2  | Noticed a ynoxinul
    49 | Abyss:2  | Noticed a freezing wraith
    54 | Abyss:2  | Noticed a kobold demonologist
    54 | Abyss:2  | Noticed a big kobold
    54 | Abyss:2  | Noticed a big kobold
    75 | Abyss:3  | Noticed a bone dragon
    75 | Abyss:3  | Noticed a hellion
    77 | D:1      | Escaped the Abyss
   392 | D:1      | Reached skill level 1 in Dodging
   424 | D:1      | Reached XP level 2. HP: 26/26 MP: 2/2
   510 | D:1      | Reached * piety under Lugonu
   777 | D:1      | Reached XP level 3. HP: 27/31 MP: 3/3
  1141 | D:2      | Noticed a scorpion
  1157 | D:2      | Killed a scorpion
  1157 | D:2      | Reached XP level 4. HP: 17/40 MP: 4/4
  1171 | D:2      | Noticed Jessica
  1183 | D:2      | Killed Jessica
  1183 | D:2      | Reached XP level 5. HP: 40/46 MP: 5/5
  1236 | D:2      | Noticed Sigmund
  1298 | D:2      | Reached ** piety under Lugonu
  1442 | D:2      | Killed Sigmund
  1442 | D:2      | Reached XP level 6. HP: 31/51 MP: 5/7
  2735 | D:3      | Found a white marble altar of Elyvilon.
  3003 | D:3      | Reached *** piety under Lugonu
  3022 | D:3      | Noticed Natasha
  3030 | D:3      | Killed Natasha
  3030 | D:3      | Reached XP level 7. HP: 56/60 MP: 8/8
  3050 | D:3      | Noticed Natasha
  3069 | D:3      | Killed Natasha
  3272 | D:4      | Found Foixt's Antique Armour Emporium.
  3302 | D:4      | Noticed luab's ghost (amateur DsNe)
  3353 | D:4      | Killed luab's ghost
  4025 | D:4      | Reached skill level 5 in Axes
  4025 | D:4      | Reached XP level 8. HP: 34/67 MP: 8/10
  4180 | D:4      | Found a staircase to the Ecumenical Temple.
  4475 | D:5      | Entered Level 5 of the Dungeon
  4496 | D:5      | Reached skill level 5 in Fighting
  4496 | D:5      | Reached skill level 5 in Armour
  4507 | D:5      | Reached **** piety under Lugonu
  4686 | D:6      | HP: 3/68 [orc wizard/puff of flame (3)]
  4687 | D:6      | Killed from afar by an orc wizard

Skill      XL: |  1  2  3  4  5  6  7  8 |
---------------+-------------------------+-----
Dodging        | 1 |  1.1
Armour         | 2 3 4 5 |  5.3
Axes           | 2 3 4 5 |  5.3
Fighting       | 4 5 |  5.1
Invocations    | 3 4 |  4.6
Polearms       | |  0.5
Throwing       | |  0.1

Action                   |  1- 3 |  4- 6 |  7- 9 || total
-------------------------+-------+-------+-------++-------
Melee: Hand axe          |   103 |   270 |   131 ||   504
       Glaive            |       |       |    23 ||    23
 Fire: Blowgun           |       |     7 |       ||     7
Invok: Depart the Abyss  |     1 |       |       ||     1
  Use: Scroll            |       |     1 |    10 ||    11
       Potion            |       |       |     2 ||     2
  Eat: Chunk             |     9 |    35 |    12 ||    56
       Meat ration       |       |       |     1 ||     1
Armor: Plate armour      |    95 |   274 |   111 ||   480
Dodge: Dodged            |    28 |    97 |    42 ||   167
